 Dungeon Crawl Stone Soup version 0.30-a0-1160-g6e42c06551 (webtiles) character file.

Game seed: 15277991969113883243

148 voltaire321 the Stinger (level 5, -1/33 HPs)
             Began as an Octopode Venom Mage on Apr 26, 2023.
             Killed by nerve-wracking pain
             ... invoked by an orc priest
              (8 damage)
             ... on level 3 of the Dungeon.
             The game lasted 00:08:20 (2760 turns).

voltaire321 the Stinger (Octopode Venom Mage)       Turns: 2760, Time: 00:08:20

Health: -1/33      AC:  1    Str:  7    XL:     5   Next: 30%
Magic:  8/9        EV: 11    Int: 20    God:
Gold:   180        SH:  8    Dex: 18    Spells: 6/9 levels left

rFire   + . .        b - +0 mace
rCold   . . .        g - +0 kite shield of Negation {rElec rPois rF+}
rNeg    . . .        (helmet restricted)
rPois   +            (no amulet)
rElec   +            f - +6 ring of dexterity
rCorr   .            (no ring)
SInv    .            (no ring)
Will    .....        (no ring)
Stlth   +++          (no ring)
HPRegen 0.25/turn    (no ring)
MPRegen 0.11/turn    (no ring)
                     (no ring)

%: no passive effects
@: very slightly contaminated
A: almost no armour, amphibious, 8 rings, camouflage 1, gelatinous body 1,
(nimble swimmer 1), tentacles
a: no special abilities


You were on level 3 of the Dungeon.
You visited 1 branch of the dungeon, and saw 3 of its levels.

You collected 180 gold pieces.

Inventory:

Hand Weapons
 b - a +0 mace (weapon)
Armour
 g - the +0 kite shield of Negation (worn) {rElec rPois rF+}
   (You found it on level 2 of the Dungeon)

   rF:        It protects you from fire.
   rElec:     It insulates you from electricity.
   rPois:     It protects you from poison.
Jewellery
 f - a +6 ring of dexterity (left tentacle)
Scrolls
 d - 3 scrolls of immolation {unknown}
 e - 4 scrolls of identify {unknown}
 j - 4 scrolls of teleportation {unknown}
 k - a scroll of noise {unknown}
 m - a scroll of magic mapping {unknown}
 o - a scroll of vulnerability {unknown}
Potions
 a - a potion of magic
 c - a potion of flight {unknown}
 h - a potion of haste {unknown}
 i - a potion of ambrosia {unknown}
 l - a potion of brilliance {unknown}


   Skills:
 + Level 1.4 Fighting
 + Level 2.7 Dodging
 - Level 2.6 Stealth
 * Level 1.5 Shields
 + Level 2.7 Spellcasting
 - Level 2.0 Transmutations
 + Level 1.2 Air Magic
 + Level 4.2 Poison Magic


You had 6 spell levels left.
You knew the following spells:

 Your Spells              Type           Power      Damage    Failure   Level
a - Sting                 Tmut/Pois      60%        1d6       30%         1
b - Poisonous Vapours     Pois/Air       26%        N/A       47%         2

Your spell library contained the following spells:

 Spells                   Type           Power      Damage    Failure   Level
 Shock                    Conj/Air       20%        1d4       65%         1
 Freeze                   Ice            8%         1d3       73%         1
 Summon Small Mammal      Summ           8%         N/A       73%         1
 Passwall                 Tmut/Erth      5%         N/A       73%         2
 Mephitic Cloud           Conj/Pois/Air  10%        N/A       83%         3
 Ensorcelled Hibernation  Hex/Ice        4%         N/A       86%         2
 Olgreb's Toxic Radiance  Pois           19%        N/A       88%         4
 Swiftness                Air            7%         N/A       90%         3
 Call Canine Familiar     Summ           2%         N/A       97%         3
 Ozocubu's Armour         Ice            2%         N/A       97%         3
 Summon Guardian Golem    Hex/Summ       2%         N/A       97%         3
 Metabolic Englaciation   Hex/Ice        1%         N/A       100%        5
 Simulacrum               Ice/Necr       1%         N/A       100%        6


Dungeon Overview and Level Annotations

Branches:
Dungeon (3/15)

Altars:

Shops:
D:1 =


Innate Abilities, Weirdness & Mutations

You cannot wear most types of armour.
You are amphibious.
You can wear up to eight rings at the same time.
Your skin changes colour to match your surroundings (Stealth+).
Your rubbery body absorbs attacks. (AC +1, EV +1)
((You are camouflaged when in or above water. (Stealth+)))
You have tentacles for arms and can constrict up to eight enemies at once.


Message History

You constrict the orc. The orc hits you with a +0 dagger.
The orc priest looks braver for a moment.
The orc misses you.
You hit the orc.
You kill the orc!
You block the orc priest's attack.
You hit the orc priest. You grab the orc priest.
The orc priest is moderately wounded.
You constrict the orc priest, but do no damage.
The orc priest closely misses you.
You barely miss the orc priest. You squeeze the orc priest.
The orc priest is severely wounded.
You constrict the orc priest, but do no damage.
The orc priest misses you. The orc priest barely misses you.
You hit the orc priest but do no damage.
The orc priest is severely wounded.
You constrict the orc priest.
The orc priest invokes the aid of Beogh against you.
Pain shoots through your body!
The orc priest calls down the wrath of Beogh upon you.
Beogh smites you!
You completely miss the orc priest.
The orc priest is almost dead.
You constrict the orc priest, but do no damage.
The orc priest hits you with a +0 club.
The orc priest mumbles some strange prayers to Beogh against you.
Beogh smites you!
* * * LOW HITPOINT WARNING * * *
The orc priest closely misses you.
You hit the orc priest.
You kill the orc priest!
Aiming: Sting (safe; 30% risk of failure)
Press: ? - help, Q - select action Shift-Dir - straight line, f - orc priest
Aim: an orc priest, wielding a +0 whip (74% to hit)
You miscast Sting.
You are very lightly contaminated with residual magic.
Nothing appears to happen.
The orc priest mumbles some strange prayers to Beogh against you.
Pain shoots through your body!
You die...

### ###
#.###########.#
#.............#
#.###########.#
#.#<# #.#
#.#.###### #.#
#.#.##...# #.#
#@#o##(..####.####
##o#.##............
#....##...........>
#######........###.
#........##..
#........##..
###........##..
###..........##..
#............##..


You could see an orc priest.

Vanquished Creatures
  An orc priest (D:3)
  An orc wizard (D:3)
  2 adders
  A worm (D:2)
  2 dart slugs
  6 orcs (D:3)
  3 bats (D:1)
  6 endoplasms
  4 giant cockroaches (D:2)
  4 goblins
  3 hobgoblins
  7 jackals
  6 quokkas
  3 ball pythons
  3 frilled lizards
  4 kobolds
  8 rats
64 creatures vanquished.

Vanquished Creatures (others)
  6 plants (D:3)
6 creatures vanquished.

Grand Total: 70 creatures vanquished

Notes
Turn   | Place    | Note
-------+----------+-------------------------------------------
     0 | D:1      | voltaire321 the Octopode Venom Mage began the quest for the
                  | Orb.
     0 | D:1      | Reached XP level 1. HP: 11/11 MP: 3/3
     6 | D:1      | Noticed a polar bear
     6 | D:1      | Noticed an iguana
     6 | D:1      | Noticed an anaconda
     7 | D:1      | Noticed a lindwurm
     7 | D:1      | Noticed a hog
   237 | D:1      | Reached XP level 2. HP: 18/18 MP: 3/5
   243 | D:1      | Learned a level 2 spell: Poisonous Vapours
   388 | D:1      | Found Vejyb's Jewellery Shoppe.
   579 | D:1      | Reached skill level 4 in Poison Magic
   579 | D:1      | Reached XP level 3. HP: 13/22 MP: 3/6
   628 | D:1      | Got Beginning Spellcasting
   883 | D:2      | Reached skill level 1 in Fighting
   887 | D:2      | Identified the +0 kite shield of Negation {rElec rPois rF+}
  1562 | D:2      | Reached XP level 4. HP: 24/28 MP: 1/7
  1885 | D:3      | Reached skill level 1 in Shields
  2468 | D:3      | Reached skill level 1 in Air Magic
  2471 | D:3      | Reached XP level 5. HP: 10/33 MP: 4/9
  2760 | D:3      | Killed from afar by an orc priest

Illustrated notes

Levels and vault maps discovered:
D:1:      onia_arrival_zoo_common, layout_basic, serial_shops,
          nicolae_shop_advertising_works [nicolae_subvault_shop_adworks]
D:2:      layout_loops_ring, minmay_misc_feat_tiny, minmay_misc_feat_five
D:3:      cheibrodos_old_hovel, layout_basic, minmay_misc_feat_ornament,
          minmay_surrounded

Skill      XL: |  1  2  3  4 |
---------------+-------------+-----
Poison Magic   | 4 |  4.2
Fighting       | 1 |  1.4
Shields        | 1 |  1.5
Transmutations | 2 |  2.0
Air Magic      | 1 |  1.2
Dodging        | |  2.7
Stealth        | |  2.6
Spellcasting   | |  2.7

Action                     |  1- 3 |  4- 6 || total
---------------------------+-------+-------++-------
  Melee: Unarmed           |     4 |       ||     4
         Mace              |    39 |    47 ||    86
         Constrict         |     8 |    10 ||    18
         Tentacles         |     7 |     9 ||    16
         Punch             |     2 |     1 ||     3
   Cast: Sting             |    46 |    17 ||    63
         Poisonous Vapours |     2 |       ||     2
    Use: Potion            |       |     1 ||     1
   Stab: Sleeping          |     1 |     2 ||     3
 Armour: Skin              |     6 |     7 ||    13
  Dodge: Dodged            |    27 |    24 ||    51
  Block: Kite shield       |     9 |    21 ||    30

Table legend: (Time is in decaauts)
 A = Elapsed time spent in this place.
 B = Non-inter-level travel time spent in this place.
 C = Inter-level travel time spent in this place.
 D = Time resting spent in this place.
 E = Time spent auto-exploring this place.
 F = Levels seen in this place.
 G = Mean time per level.
                   A        B        C        D        E       F      G
               +--------+--------+--------+--------+--------+-----+--------+
         Total |   2813 |   2780 |     33 |    394 |   1762 |   3 |  937.7 |
       Dungeon |   2813 |   2780 |     33 |    394 |   1762 |   3 |  937.7 |
               +--------+--------+--------+--------+--------+-----+--------+

Top non-repeatable levels by time:
     D:3: 1136 daAuts
     D:2: 925 daAuts
     D:1: 751 daAuts
